 Dungeon Crawl Stone Soup version 0.30-a0-953-g5f1da4a474 (webtiles) character file.

Game seed: 5018820634499515880

144 retardedninja the Conjurer (level 5, -3/28 HPs)
             Began as a Deep Elf Conjurer on Mar 28, 2023.
             Slain by an ogre
             ... wielding a +0 giant club
              (31 damage)
             ... on level 4 of the Dungeon.
             The game lasted 00:03:38 (2690 turns).

retardedninja the Conjurer (Deep Elf Conjurer)      Turns: 2690, Time: 00:03:38

Health: -3/28      AC:  2    Str:  4    XL:     5   Next: 5%
Magic:  8/14       EV: 13    Int: 25    God:
Gold:   161        SH:  0    Dex: 15    Spells: 12/13 levels left

rFire   . . .      SeeInvis .    q - +1 trident "Riepoh Inoil" {holy, Dex+2}
rCold   . . .      Faith    .    (no shield)
rNeg    . . .      Spirit   .    a - +0 robe
rPois   .          Reflect  .    (no helmet)
rElec   .          Rampage  .    (no cloak)
rCorr   .                        (no gloves)
Will    .....                    (no boots)
Stlth   +++                      (no amulet)
HPRegen 0.24/turn                (no ring)
MPRegen 0.14/turn                (no ring)

@: no status effects
A: no striking features
a: no special abilities


You were on level 4 of the Dungeon.
You visited 1 branch of the dungeon, and saw 4 of its levels.

You collected 161 gold pieces.

Inventory:

Hand Weapons
 q - the +1 trident "Riepoh Inoil" (weapon) {holy, Dex+2}
   (You found it on level 3 of the Dungeon)

   Dex:       It affects your dexterity (+2).
Armour
 a - a +0 robe (worn)
 p - a +0 helmet
Wands
 g - a wand of roots (2)
 o - a wand of charming (2)
Scrolls
 e - a scroll of identify {unknown}
 f - a scroll of magic mapping {unknown}
 h - 2 scrolls of amnesia {unknown}
 j - a scroll of vulnerability {unknown}
 k - a scroll of blinking {unknown}
 l - a scroll of immolation {unknown}
 m - a scroll of poison {unknown}
 n - a scroll of noise {unknown}
Potions
 b - a potion of magic
 c - a potion of degeneration {unknown}
 d - a potion of might {unknown}
 i - a potion of haste {unknown}
 r - a potion of curing {unknown}


   Skills:
 + Level 3.5 Dodging
 + Level 3.8 Stealth
 * Level 4.9 Spellcasting
 + Level 5.0 Conjurations


You had 12 spell levels left.
You knew the following spells:

 Your Spells              Type           Power      Damage    Failure   Level
a - Magic Dart            Conj           100%       1d8       1%          1

Your spell library contained the following spells:

 Spells                   Type           Power      Damage    Failure   Level
 Searing Ray              Conj           62%        2d6       1%          2
 Freeze                   Ice            24%        1d4       9%          1
 Dazzling Flash           Conj/Hex       36%        N/A       9%          3
 Hailstorm                Conj/Ice       18%        3d6       9%          3
 Call Imp                 Summ           6%         N/A       13%         2
 Ensorcelled Hibernation  Hex/Ice        12%        N/A       13%         2
 Mephitic Cloud           Conj/Pois/Air  14%        N/A       13%         3
 Call Canine Familiar     Summ           6%         N/A       26%         3
 Frozen Ramparts          Ice            12%        1d2       26%         3
 Portal Projectile        Hex/Tloc       12%        N/A       26%         3
 Spider Form              Tmut/Pois      6%         N/A       26%         3
 Fulminant Prism          Conj/Hex       9%         3d7       28%         4
 Iskenderun's Mystic Bla  Conj/Tloc      18%        2d6       28%         4
 Anguish                  Hex/Necr       3%         N/A       63%         4
 Leda's Liquefaction      Hex/Erth       3%         N/A       63%         4
 Agony                    Necr           6%         N/A       93%         5
 Silence                  Hex/Air        3%         N/A       93%         5


Dungeon Overview and Level Annotations

Branches:
Dungeon (4/15)
 Temple: D:4-7

Altars:

Shops:
D:2 ![((*


Message History

Key pressed, stopping travel.
You can't go down here!
There is a stone staircase leading down here.
You climb downwards.
Found a morningstar, a golden potion and a scale mail.
There is a stone staircase leading up here.
A dart slug is nearby!
The magic dart hits the dart slug.
The dart slug is heavily wounded.
The magic dart hits the dart slug.
The dart slug is almost dead.
The dart slug launches a dart at you. The slug dart misses you.
The magic dart hits the dart slug.
You kill the dart slug!
You can't see any susceptible monsters within range! (Use Z to cast anyway.)
You can't see any susceptible monsters within range! (Use Z to cast anyway.) Magic restored.
r - a golden potion
Found a stone staircase leading down.
An ogre comes into view. It is wielding a +0 giant club.
An ogre is nearby!
The magic dart hits the ogre.
The ogre is lightly wounded.
The ogre shouts!
The magic dart hits the ogre.
The ogre is lightly wounded.
The magic dart hits the ogre.
The ogre is moderately wounded.
The magic dart hits the ogre.
The ogre is heavily wounded.
The magic dart hits the ogre!
The ogre is severely wounded.
The magic dart hits the ogre.
The ogre is severely wounded.
The magic dart hits the ogre.
The ogre is almost dead.
The ogre hits you with a +0 giant club!!
Ouch! That really hurt!
You die...

#..<....#. #.
#........). #.###
#.......... .....####
##.......## ........#
##.......#
........###........#
........##...........
...........#######...
......O@#..# ..
........#..#
........##.#
........##>#
........##.#
#.########.# # ..#


You could see an ogre.

Vanquished Creatures
  An orc priest (D:2)
  2 orc wizards (D:3)
  An adder (D:3)
  2 dart slugs
  6 orcs
  4 ball pythons (D:2)
  3 endoplasms
  3 giant cockroaches
  4 goblins
  A hobgoblin (D:1)
  2 jackals (D:2)
  A kobold (D:1)
  3 quokkas
  5 bats
  3 frilled lizards
  4 rats
45 creatures vanquished.

Vanquished Creatures (others)
  2 plants (D:2)
2 creatures vanquished.

Grand Total: 47 creatures vanquished

Notes
Turn   | Place    | Note
-------+----------+-------------------------------------------
     0 | D:1      | retardedninja the Deep Elf Conjurer began the quest for the
                  | Orb.
     0 | D:1      | Reached XP level 1. HP: 10/10 MP: 6/6
   256 | D:1      | Reached XP level 2. HP: 15/15 MP: 1/8
  1077 | D:2      | Found Detey's Antique Weapon Boutique.
  1118 | D:2      | Found Baniomn's Assorted Antiques.
  1150 | D:2      | Reached XP level 3. HP: 19/19 MP: 2/10
  1343 | D:2      | Found Dommem's Antique Weapon Shoppe.
  1480 | D:2      | Reached XP level 4. HP: 24/24 MP: 9/12
  1584 | D:2      | Found Redik's Armour Boutique.
  1632 | D:2      | Found Uthuus's Distillery.
  2030 | D:3      | Reached skill level 5 in Conjurations
  2030 | D:3      | Reached XP level 5. HP: 18/28 MP: 2/14
  2328 | D:3      | Identified the +1 trident "Riepoh Inoil" {holy, Dex+2}
  2683 | D:4      | Noticed an ogre
  2690 | D:4      | Slain by an ogre

Illustrated notes

Levels and vault maps discovered:
D:1:      sevenhm_arrival_forest_fort_small_3, layout_basic, serial_rivers,
          chequers_serial_rivers_marsh, chequers_serial_rivers_micro_b,
          chequers_serial_rivers_micro_d, chequers_serial_rivers_micro_c,
          minivault_5
D:2:      layout_rooms, serial_shops, nicolae_shop_overgrown_old_shop, shop,
          shop, shop, shop, kennysheep_cross_bottleneck
D:3:      layout_loops_ring
D:4:      layout_basic, mainiacjoe_overflow_catwalk,
          mainiacjoe_overflow_big_doors, minmay_temple_entry_enclosed_plants

Skill      XL: |  1  2  3  4 |
---------------+-------------+-----
Stealth        | 3 |  3.8
Dodging        | 3 |  3.5
Spellcasting   | 4 |  4.9
Conjurations   | 5 |  5.0

Action                     |  1- 3 |  4- 6 || total
---------------------------+-------+-------++-------
  Melee: Short sword       |     1 |     3 ||     4
   Cast: Magic Dart        |    69 |    39 ||   108
  Evoke: Wand              |     2 |     2 ||     4
 Armour: Robe              |     1 |     1 ||     2
  Dodge: Dodged            |     7 |     7 ||    14

Table legend: (Time is in decaauts)
 A = Elapsed time spent in this place.
 B = Non-inter-level travel time spent in this place.
 C = Inter-level travel time spent in this place.
 D = Time resting spent in this place.
 E = Time spent auto-exploring this place.
 F = Levels seen in this place.
 G = Mean time per level.
                   A        B        C        D        E       F      G
               +--------+--------+--------+--------+--------+-----+--------+
         Total |   2692 |   2572 |    120 |    173 |   2120 |   4 |  673.0 |
       Dungeon |   2692 |   2572 |    120 |    173 |   2120 |   4 |  673.0 |
               +--------+--------+--------+--------+--------+-----+--------+

Top non-repeatable levels by time:
     D:1: 1080 daAuts
     D:3: 885 daAuts
     D:2: 684 daAuts
     D:4: 41 daAuts
